 Dungeon Crawl Stone Soup version 0.28-a0-1613-gdaab1c2f9b (webtiles) character file.

Game seed: 11970342753840256119

1328 YayAnonymity the Chopper (level 8, -2/64 (67) HPs)
             Began as a Gnoll Berserker on Jan 22, 2022.
             Was a Believer of Trog.
             Slain by a wight (6 damage)
             ... on level 6 of the Dungeon.
             The game lasted 00:06:59 (4477 turns).

YayAnonymity the Chopper (Gnoll Berserker)          Turns: 4477, Time: 00:07:00

HP:   -2/64 (67)    AC: 12    Str: 18    XL:     8   Next: 60%
MP:   13/13         EV:  9    Int:  6    God:    Trog [**....]
Gold: 237           SH:  0    Dex: 15    Spells: 13/13 levels left

rFire   . . .      SeeInvis .   A - +8 demon blade "Leech" {vamp, Harm Drain rN+}
rCold   . . .      Faith    .   (no shield)
rNeg    + + .      Spirit   .   r - +0 chain mail of the Arcane {Dex+2}
rPois   .          Reflect  .   b - +0 helmet
rElec   .          Harm     +   (no cloak)
rCorr   .          Rampage  .   i - +0 pair of gloves
Will    +....                   (no boots)
Stlth   ..........              (no amulet)
HPRegen 0.20/turn               e - ring of willpower
MPRegen 0.13/turn               s - ring of positive energy

@: lightly drained
A: fangs 1, strong nose, distributed training
a: Renounce Religion, Berserk, Trog's Hand


You were on level 6 of the Dungeon.
You worshipped Trog.
Trog was pleased with you.
You visited 1 branch of the dungeon, and saw 6 of its levels.
You also visited: Sewer.

You collected 237 gold pieces.

Inventory:

Hand Weapons
 k - a +5 vorpal war axe
 A - the +8 demon blade "Leech" (weapon) {vamp, Harm Drain rN+}
   (You found it on level 5 of the Dungeon)

   It heals its wielder for a portion of the damage dealt every time it strikes
   a living foe.
   rN:        It protects you from negative energy.
   Drain:     It drains your maximum health when unequipped.
   Harm:      It increases damage dealt and taken.
Missiles
 a - 9 poisoned darts (quivered)
Armour
 b - a +0 helmet (worn)
 i - a +0 pair of gloves (worn)
 r - the +0 chain mail of the Arcane (worn) {Dex+2}
   (You found it on level 4 of the Dungeon)

   Dex:       It affects your dexterity (+2).
Jewellery
 e - a ring of willpower (left hand)
 s - a ring of positive energy (right hand)
Scrolls
 c - 5 scrolls of teleportation
 d - 4 scrolls of identify {unknown}
 f - 2 scrolls of torment {unknown}
 n - a scroll of enchant armour {unknown}
 v - 2 scrolls of enchant weapon {unknown}
 x - a scroll of immolation {unknown}
 y - a scroll of holy word {unknown}
Potions
 g - 5 potions of heal wounds {unknown}
 h - 2 potions of might {unknown}
 j - 2 potions of curing {unknown}
 l - 2 potions of resistance {unknown}
 m - a potion of experience {unknown}
 o - 2 potions of flight {unknown}
 p - a potion of brilliance {unknown}
 q - a potion of haste {unknown}
 t - 2 potions of degeneration {unknown}
 w - a potion of mutation {unknown}
Miscellaneous
 B - a piece from Xom's chessboard (15/15)


   Skills:
 + Level 7.4 Fighting
 + Level 3.4 Short Blades
 + Level 3.4 Long Blades
 + Level 7.4 Axes
 + Level 3.4 Maces & Flails
 + Level 3.4 Polearms
 + Level 3.4 Staves
 + Level 3.4 Slings
 + Level 3.4 Bows
 + Level 3.4 Crossbows
 + Level 3.4 Throwing
 + Level 5.8 Armour
 + Level 5.8 Dodging
 + Level 3.4 Stealth
 + Level 3.4 Shields
 + Level 3.4 Unarmed Combat
 + Level 3.4 Spellcasting
 + Level 2.8 Conjurations
 + Level 2.8 Hexes
 + Level 2.8 Summonings
 + Level 2.8 Necromancy
 + Level 2.8 Translocations
 + Level 2.8 Transmutations
 + Level 2.8 Fire Magic
 + Level 2.8 Ice Magic
 + Level 2.8 Air Magic
 + Level 2.8 Earth Magic
 + Level 2.8 Poison Magic
 + Level 3.7 Invocations
 + Level 3.4 Evocations


You had 13 spell levels left.
You didn't know any spells.
Your spell library was empty.

Dungeon Overview and Level Annotations

Branches:
Dungeon (6/15)              Sewer (visited)
 Temple: D:4-7

Altars:
Fedhas
Qazlal
Sif Muna
The Shining One

Shops:
D:5 *   D:6 *

Annotations:
D:3 3 runed translucent doors, Pin's ghost, amateur HOFi


Innate Abilities, Weirdness & Mutations

You have very sharp teeth.
Your uncanny sense of smell can sniff out nearby items.
Your experience applies equally to all skills.


Message History

The troll barely misses you.
You slash the troll!
You feel better.
Your bite misses the troll.
The troll is almost dead.
The troll bites you! The troll barely misses you.
The troll claws you but does no damage. The troll bites you but does no damage.
The troll barely misses you. The troll claws you.
You closely miss the troll.
The troll is severely wounded.
The troll closely misses you. The troll claws you. x2
You slash the troll!
You feel better.
You kill the troll!
Trog accepts your kill.
You start resting.
A wight comes into view. It is wielding a +0 scimitar.
Found a stone staircase leading down.
You hit the wight but do no damage. The wight closely misses you.
A wight comes into view. It is wielding a +5 battleaxe.
You slice the wight!!
You destroy the wight!
Trog accepts your kill.
A wight comes into view. It is wielding a +4 scimitar.
Things that are here:
a +0 scimitar; a +0 robe A wight comes into view.
It is wielding a +0 spear.
You closely miss the wight. You bite the wight, but do no damage.
The wight hits you with a +5 battleaxe! The wight hits you but does no damage.
You hit the wight.
The wight is moderately damaged.
The wight hits you with a +5 battleaxe. You partially resist.
You feel drained.
The wight hits you from afar with a +0 spear!
* * * LOW HITPOINT WARNING * * *
The wight barely misses you.
You closely miss the wight.
The wight is moderately damaged.
The wight barely misses you. The wight hits you with a +4 scimitar!
* * * LOW HITPOINT WARNING * * *
You partially resist.
You feel drained.
* * * LOW HITPOINT WARNING * * *
The wight hits you with a +5 battleaxe.
You die...

#.##.. .......
..... .......
## ....
....... ..>
...###..._...
..
.......8.8..
#.#... ......#
#....##T#...##
#z#........
#@#......##
#.zz.....#
###.......#
#...#####
#..## b ....
....# ....#
...#


You could see 3 wights.

Vanquished Creatures
  A troll (D:6)
  An ice beast (D:5)
  A black bear (D:5)
  A necrophage (D:6)
  2 ogres (D:5)
  A phantom (D:5)
  2 kobold brigands (Sewer)
  2 scorpions (D:4)
  A wight (D:6)
  A howler monkey (D:4)
  A hound (D:4)
  A bullfrog skeleton (D:5)
  2 iguanas
  A river rat (Sewer)
  3 adders
  An ufetubus (D:5)
  4 worms
  A dart slug (D:1)
  12 endoplasms
  3 giant cockroaches (D:3)
  4 goblins (D:1)
  6 hobgoblins
  4 jackals (D:2)
  7 kobolds
  4 quokkas
  6 ball pythons
  4 bats
  2 frilled lizards
  7 rats
86 creatures vanquished.

Vanquished Creatures (others)
  9 fungi
  2 plants (D:3)
11 creatures vanquished.

Grand Total: 97 creatures vanquished

Notes
Turn   | Place    | Note
-------+----------+-------------------------------------------
     0 | D:1      | YayAnonymity the Gnoll Berserker began the quest for the
                  | Orb.
     0 | D:1      | Reached XP level 1. HP: 23/23 MP: 1/1
   222 | D:1      | Reached XP level 2. HP: 29/29 MP: 2/2
   309 | D:1      | Found a faded altar of an unknown god.
  1090 | D:2      | Reached XP level 3. HP: 35/35 MP: 3/3
  1180 | D:2      | Reached skill level 1 in Invocations
  1319 | D:2      | Reached skill level 1 in Short Blades
  1319 | D:2      | Reached skill level 1 in Long Blades
  1319 | D:2      | Reached skill level 1 in Maces & Flails
  1319 | D:2      | Reached skill level 1 in Polearms
  1319 | D:2      | Reached skill level 1 in Staves
  1319 | D:2      | Reached skill level 1 in Slings
  1319 | D:2      | Reached skill level 1 in Bows
  1319 | D:2      | Reached skill level 1 in Crossbows
  1319 | D:2      | Reached skill level 1 in Throwing
  1319 | D:2      | Reached skill level 1 in Stealth
  1319 | D:2      | Reached skill level 1 in Shields
  1319 | D:2      | Reached skill level 1 in Unarmed Combat
  1319 | D:2      | Reached skill level 1 in Spellcasting
  1319 | D:2      | Reached skill level 1 in Evocations
  1376 | D:2      | Reached ** piety under Trog
  1573 | D:3      | Reached XP level 4. HP: 41/41 MP: 5/5
  1593 | D:3      | Found a glowing drain.
  1605 | Sewer    | Entered a sewer
  1608 | Sewer    | Noticed a kobold brigand
  1619 | Sewer    | Killed a kobold brigand
  1620 | Sewer    | Reached skill level 1 in Conjurations
  1620 | Sewer    | Reached skill level 1 in Hexes
  1620 | Sewer    | Reached skill level 1 in Summonings
  1620 | Sewer    | Reached skill level 1 in Necromancy
  1620 | Sewer    | Reached skill level 1 in Translocations
  1620 | Sewer    | Reached skill level 1 in Transmutations
  1620 | Sewer    | Reached skill level 1 in Fire Magic
  1620 | Sewer    | Reached skill level 1 in Ice Magic
  1620 | Sewer    | Reached skill level 1 in Air Magic
  1620 | Sewer    | Reached skill level 1 in Earth Magic
  1620 | Sewer    | Reached skill level 1 in Poison Magic
  1620 | Sewer    | Reached XP level 5. HP: 47/47 MP: 5/7
  1998 | Sewer    | Noticed a kobold brigand
  2007 | Sewer    | Killed a kobold brigand
  2008 | Sewer    | Reached XP level 6. HP: 45/53 MP: 8/8
  2262 | D:3      | Found a runed translucent gate.
  2262 | D:3      | Found a runed translucent gate.
  2263 | D:3      | Found a runed translucent gate.
  2264 | D:3      | Noticed Pin's ghost (amateur HOFi)
  2378 | D:3      | Found a stormy altar of Qazlal.
  2378 | D:3      | Found a glowing golden altar of the Shining One.
  2580 | D:4      | Found a blossoming altar of Fedhas.
  2587 | D:4      | Identified the +0 chain mail of the Arcane {Dex+2}
  2704 | D:4      | Reached skill level 5 in Armour
  2704 | D:4      | Reached skill level 5 in Dodging
  2741 | D:4      | Reached XP level 7. HP: 59/59 MP: 10/10
  3105 | D:5      | Entered Level 5 of the Dungeon
  3147 | D:5      | Found Doevi's General Store.
  3893 | D:5      | Found the +8 demon blade "Leech" {vamp, Harm Drain rN+}
  3920 | D:5      | Reached XP level 8. HP: 67/67 MP: 12/12
  4432 | D:6      | Found Qase's Profane Products.
  4454 | D:6      | Found a shimmering blue altar of Sif Muna.
  4454 | D:6      | Noticed a troll
  4464 | D:6      | Killed a troll
  4477 | D:6      | Slain by a wight

Illustrated notes

Levels and vault maps discovered:
D:1:      dpeg_arrival_refuge, layout_basic, ebering_ecumenical_altar_rust
D:2:      layout_rooms, st_stairs_8, minmay_octomino_c4
D:3:      layout_rooms, gammafunk_temple_overflow_elements,
          gammafunk_ghost_nasty_kobolds, portal_sewer_entry_f
D:4:      layout_rooms, fedhas_ov_isle_minmay
D:5:      layout_layer_cave, serial_shops, shop
D:6:      layout_rooms, lemuel_temple_firewalk_b, serial_aquarium,
          aquarium_bridge_straight [aquarium_subvault_bridge,
          aquarium_subvault_window, aquarium_subvault_bridge,
          aquarium_subvault_balcony], aquarium_bridge_straight
          [aquarium_subvault_bridge, aquarium_subvault_window,
          aquarium_subvault_bridge, aquarium_subvault_window],
          aquarium_window_corner, aquarium_window_2, aquarium_window_fake,
          aquarium_window_1, aquarium_view_2e, aquarium_view_2c,
          aquarium_balcony_3a, aquarium_pool_corner, hellmonk_bongcloud_opening,
          grunt_ministairs_15, hangedman_feature_mirror, nicolae_evil_shop

Skill      XL: |  1  2  3  4  5  6  7  8 |
---------------+-------------------------+-----
Invocations    | 1 2 3 |  3.7
Short Blades   | 1 2 3 |  3.4
Long Blades    | 1 2 3 |  3.4
Maces & Flails | 1 2 3 |  3.4
Polearms       | 1 2 3 |  3.4
Staves         | 1 2 3 |  3.4
Slings         | 1 2 3 |  3.4
Bows           | 1 2 3 |  3.4
Crossbows      | 1 2 3 |  3.4
Throwing       | 1 2 3 |  3.4
Stealth        | 1 2 3 |  3.4
Shields        | 1 2 3 |  3.4
Unarmed Combat | 1 2 3 |  3.4
Spellcasting   | 1 2 3 |  3.4
Evocations     | 1 2 3 |  3.4
Conjurations   | 1 2 |  2.8
Hexes          | 1 2 |  2.8
Summonings     | 1 2 |  2.8
Necromancy     | 1 2 |  2.8
Translocations | 1 2 |  2.8
Transmutations | 1 2 |  2.8
Fire Magic     | 1 2 |  2.8
Ice Magic      | 1 2 |  2.8
Air Magic      | 1 2 |  2.8
Earth Magic    | 1 2 |  2.8
Poison Magic   | 1 2 |  2.8
Armour         | 5 |  5.8
Dodging        | 5 |  5.8
Fighting       | 7 |  7.4
Axes           | 7 |  7.4

Action                   |  1- 3 |  4- 6 |  7- 9 || total
-------------------------+-------+-------+-------++-------
Melee: Hand axe          |    72 |       |       ||    72
       Bite              |     5 |     4 |     4 ||    13
       War axe           |     5 |    98 |    25 ||   128
       Demon blade       |       |       |    22 ||    22
Throw: Dart              |       |       |     3 ||     3
Invok: Berserk           |       |       |     1 ||     1
  Use: Scroll            |       |       |     1 ||     1
 Stab: Sleeping          |     1 |       |       ||     1
Armor: Animal skin       |     4 |       |       ||     4
       Ring mail         |    23 |    18 |       ||    41
       Chain mail        |       |    12 |    26 ||    38
Dodge: Dodged            |    48 |    46 |    17 ||   111

Table legend: (Time is in decaauts)
 A = Elapsed time spent in this place.
 B = Non-inter-level travel time spent in this place.
 C = Inter-level travel time spent in this place.
 D = Time resting spent in this place.
 E = Time spent auto-exploring this place.
 F = Levels seen in this place.
 G = Mean time per level.
                   A        B        C        D        E       F      G
               +--------+--------+--------+--------+--------+-----+--------+
         Total |   4665 |   4320 |    345 |      4 |   3408 |   7 |  666.4 |
       Dungeon |   4117 |   3772 |    345 |      4 |   3035 |   6 |  686.2 |
         Sewer |    547 |    547 |      0 |      0 |    373 |   1 |  547.0 |
               +--------+--------+--------+--------+--------+-----+--------+

Top non-repeatable levels by time:
     D:5: 1314 daAuts
     D:1: 1083 daAuts
     D:4: 596 daAuts
   Sewer: 547 daAuts
     D:2: 543 daAuts
     D:3: 534 daAuts
     D:6: 45 daAuts
